 Dungeon Crawl Stone Soup version 0.31-a0-1278-g11c5b68f87 (webtiles) character file.

Game seed: 13579515911414590586

59 mopl the Trooper (level 3, -1/29 HPs)
             Began as a Demonspawn Fighter on Dec 17, 2023.
             Slain by Grinder (4 damage)
             ... on level 3 of the Dungeon.
             The game lasted 00:01:41 (1381 turns).

mopl the Trooper (Demonspawn Fighter)               Turns: 1381, Time: 00:01:42

Health: -1/29      AC: 11    Str: 18    XL:     3   Next: 78%
Magic:  3/3        EV:  9    Int:  8    God:
Gold:   74         SH:  4    Dex: 12    Spells: 2/2 levels left

rFire   . . .        a - +0 war axe
rCold   + . .        c - +0 buckler
rNeg    . . .        b - +0 scale mail
rPois   .            (no helmet)
rElec   .            n - +1 cloak
rCorr   .            r - +0 pair of gloves
SInv    .            j - +0 pair of boots
Will    .....        (no amulet) Stlth
                     m - ring of protection from cold
HPRegen 0.24/turn    (no ring)
MPRegen 0.08/turn

%: no passive effects
@: no status effects
A: spiny 2
a: no special abilities


You were on level 3 of the Dungeon.
You visited 1 branch of the dungeon, and saw 3 of its levels.

You collected 74 gold pieces.

Inventory:

Hand Weapons
 a - a +0 war axe (weapon)
Missiles
 f - 6 poisoned darts
 h - 7 stones
Armour
 b - a +0 scale mail (worn)
 c - a +0 buckler (worn)
 j - a +0 pair of boots (worn)
 n - a +1 cloak (worn)
 r - a +0 pair of gloves (worn)
Jewellery
 m - a ring of protection from cold (left hand)
 o - the ring of Uddobleh {rF+ rC+ Int+6 Stlth-}
   (You took it off an orc on level 2 of the Dungeon)

   [ring of intelligence]

   Int+6:     It affects your intelligence (+6).
   rF+:       It protects you from fire.
   rC+:       It protects you from cold.
   Stlth-:    It makes you less stealthy.
Scrolls
 e - a scroll of teleportation {unknown}
 g - a scroll of vulnerability {unknown}
 k - a scroll of enchant armour {unknown}
 l - a scroll of identify {unknown}
 p - a scroll of silence {unknown}
 q - a scroll of fog {unknown}
Potions
 d - 4 potions of might
 i - a potion of curing {unknown}


   Skills:
 + Level 3.4 Fighting
 * Level 2.7 Axes
 + Level 3.1 Armour
 + Level 1.1 Dodging
 - Level 2.6 Shields


You had 2 spell levels left.
You didn't know any spells.
Your spell library was empty.

Dungeon Overview and Level Annotations

Branches:
Dungeon (3/15)

Altars:

Shops:
D:2 *

Annotations:
D:3 Grinder


Innate Abilities, Weirdness & Mutations

You are mostly covered in sharp spines.


Message History

Grinder hits you but does no damage.
You hit Grinder but do no damage.
Grinder says, "My boss said I was rubbish.
His entrails said otherwise."
Grinder blinks!
Grinder gestures at you.
You suddenly lose the ability to move!
The goblin hits you but does no damage. Grinder is struck by your spines.
Grinder hits you!
You writhe in agony.
You can move again.
You slash Grinder!
Grinder is moderately wounded.
You closely miss the goblin. The goblin hits you but does no damage.
Grinder hits you but does no damage. The goblin hits you but does no damage.
You block Grinder's attack.
Unknown command.
You closely miss Grinder.
Grinder is moderately wounded.
You barely miss the goblin. The goblin is struck by your spines.
You kill the goblin!
Grinder gestures at you.
You shrug off the repeated paralysis!
Unknown command.
You completely miss Grinder.
Grinder is moderately wounded.
Grinder is struck by your spines. Grinder hits you but does no damage.
Unknown command.
You hit Grinder.
Grinder is heavily wounded.
Grinder is struck by your spines. Grinder hits you.
You writhe in agony.
Grinder is struck by your spines. Grinder hits you!
* * * LOW HITPOINT WARNING * * *
Unknown command.
You are too injured to fight recklessly!
Unknown command.
You are too injured to fight recklessly!
You closely miss Grinder.
Grinder is almost dead.
Grinder is struck by your spines. Grinder hits you.
You die...
Grinder says, "Hey, I wasn't done torturing you yet!"

.. .. .# .# .#
...#####.# #
.........#.####
#.####........
#....<@...####
######)5.##
#...# #...#
#.[.# .....
###..# ..#


You could see Grinder.

Vanquished Creatures
  An adder (D:2)
  A worm (D:2)
  A dart slug (D:1)
  An orc (D:2)
  3 endoplasms
  A giant cockroach (D:1)
  10 goblins
  2 hobgoblins
  2 kobolds
  3 quokkas
  3 ball pythons
  8 bats
  4 frilled lizards
  4 rats
44 creatures vanquished.

Notes
Turn   | Place    | Note
-------+----------+-------------------------------------------
     0 | D:1      | mopl the Demonspawn Fighter began the quest for the Orb.
     0 | D:1      | Reached XP level 1. HP: 18/18 MP: 1/1
    85 | D:1      | Reached skill level 2 in Axes
    98 | D:1      | Gained mutation: You are partially covered in sharp spines.
                  | [demonic ancestry]
    98 | D:1      | Reached XP level 2. HP: 20/24 MP: 2/2
   683 | D:2      | Reached skill level 3 in Armour
   683 | D:2      | Gained mutation: You are mostly covered in sharp spines.
                  | [demonic ancestry]
   683 | D:2      | Reached XP level 3. HP: 29/29 MP: 3/3
   853 | D:2      | Reached skill level 1 in Dodging
   885 | D:2      | Identified the ring of Uddobleh {rF+ rC+ Int+6 Stlth-}
   886 | D:2      | Found Nuqeonk's General Store.
  1371 | D:3      | Noticed Grinder
  1375 | D:3      | Paralysed by Grinder for 2 turns
  1381 | D:3      | Slain by Grinder

Illustrated notes

Levels and vault maps discovered:
D:1:      minmay_arrival_glassed_features, layout_rooms, serial_bayou_ford_a
D:2:      minmay_angry_zag, layout_loops_corners, serial_shops,
          nicolae_shop_peninsula
D:3:      layout_loops_ring, shapermc_ecumenical_altar_gd, minmay_rat_hole,
          uniq_grinder

Skill      XL: |  1  2  3 |
---------------+----------+-----
Axes           | 2 |  2.7
Armour         | 3 |  3.1
Dodging        | 1 |  1.1
Fighting       | |  3.4
Shields        | |  2.6

Action                     || total
---------------------------++-------
  Melee: War axe           ||    76
 Armour: Scale mail        ||    43
  Dodge: Dodged            ||    36
  Block: Buckler           ||    19

Table legend: (Time is in decaauts)
 A = Elapsed time spent in this place.
 B = Non-inter-level travel time spent in this place.
 C = Inter-level travel time spent in this place.
 D = Time resting spent in this place.
 E = Time spent auto-exploring this place.
 F = Levels seen in this place.
 G = Mean time per level.
                   A        B        C        D        E       F      G
               +--------+--------+--------+--------+--------+-----+--------+
         Total |   1420 |   1278 |    142 |      0 |   1009 |   3 |  473.3 |
       Dungeon |   1420 |   1278 |    142 |      0 |   1009 |   3 |  473.3 |
               +--------+--------+--------+--------+--------+-----+--------+

Top non-repeatable levels by time:
     D:2: 942 daAuts
     D:1: 465 daAuts
     D:3: 12 daAuts
